Workbook

Sheet свод
A1: СВОДНАЯ ТАБЛИЦА ЗАТРАТ СТОИМОСТИ СТРОИТЕЛЬСТВА В ТЕКУЩИХ ЦЕНАХ ПО ОБЪЕКТУ: Хатирчи туман Тамабахрин мфйнинг 1,2 км қисмини туну кун 24-7 хизмат кўрсатиш режимда ишловчи савдо ва маиший хизмат кўрсатувчи кўчага айлантириш.
A2: № | B2: Наименование смет | C2: Трудозатраты | E2: Эксплуатация машин и механизмов (тыс.сум) | G2: Перевозка грузов (тыс.сум) | H2: Строительные материалы с транспортом и загот.-склад. расходами (тыс.сум) | I2: Оборудование (тыс.сум) | J2: Прямые затраты (тыс.сум) | K2: Прочие затраты производст-венного характера (тыс.сум) | L2: Прочие затраты подрядчика 18,0% (тыс.сум) | M2: Затраты на страхование (тыс.сум) | N2: Коэффициент риска 5,0 % (тыс.сум) | O2: Всего стоимость без НДС (тыс.сум) | P2: Всего стоимость с НДС (тыс.сум)
C3: (чел-час) | D3: сумма (тыс.сум)
A4: 1 | B4: 2 | C4: 3 | D4: 4 | E4: 5 | F4: 5 | G4: 6 | H4: 6 | I4: 7 | J4: 8 | K4: 11 | L4: 9 | M4: 11 | N4: 13 | O4: 10 | P4: 11
A5: 1 | B5: АСОС ВА КОПЛАМА КУРИШ ИШЛАРИ
A6: 2 | B6: ТУНГИ ЕРИТИШ ЧИРОКЛАРИНИ УРНАТИШ
B7: ИТОГО:
A8: 1
B9: ВСЕГО:

Sheet Лист9
A4: НАИМЕНОВАНИЕ | B4: ЕД. ИЗМ. | C4: КОЛ-ВО | D4: ЦЕНА ЗА ЕД. | E4: СУММА (сум)
A5: 2 | B5: 3 | C5: 4 | D5: 5 | E5: 6
A7: Затраты труда рабочих-строителей | B7: чел.-ч | C7: 54046.732 | D7: 26824.314 | E7: =C7*D7 -> 1.4497665e+09
A8: Такелажник 2-го разряда | B8: чел.-ч | C8: 405.79608 | E8: =C8*D8 -> 0
A9: Такелажник 3-го разряда | B9: чел.-ч | C9: 111.59392 | E9: =C9*D9 -> 0
A10: Такелажник 4-го разряда | B10: чел.-ч | C10: 517.39 | E10: =C10*D10 -> 0
B11: СУМ | C11: =SUM(C7:C10) -> 55081.512 | E11: =SUM(E7:E7) -> 1.4497665e+09
A14: Вибраторы поверхностные | B14: маш.-ч | C14: 1.3305 | D14: 965 | E14: =C14*D14 -> 1283.9325
A15: Краны на автомобильном ходу при работе на других видах строительства 10 т | B15: маш.-ч | C15: 0.369 | D15: 239461 | E15: =C15*D15 -> 88361.109
A16: Электростанции передвижные 4 кВт | B16: маш.-ч | C16: 0.666 | D16: 55100 | E16: =C16*D16 -> 36696.6
A17: Автомобили бортовые грузоподъемностью до 5 т | B17: маш.-ч | C17: 0.0225 | D17: 106655 | E17: =C17*D17 -> 2399.7375
B18: СУМ | C18: =SUM(C14:C17) -> 2.388 | E18: =SUM(E14:E17) -> 128741.38
A21: Бетон тяжелый класса В10 | B21: м3 | C21: 113.0772 | D21: 441964
A22: Бетон тяжелый класса В30 /М-400/ фракции 10-20 мм | B22: м3 | C22: 4991.0028 | D22: 553571
A23: Бетон тяжелый класса В35 /М-450/ фракции 5-20 мм | B23: м3 | C23: 6.4896 | D23: 584821
A24: Вода | B24: м3 | C24: 2404.7816 | D24: =VLOOKUP(A24,[1]Лист1!A$1:E$65536,4,FALSE) -> 0
A25: Песок для строительных работ | B25: м3 | C25: 1.24752 | D25: 114479
A26: Смесь песчано-щебеночная | B26: м3 | C26: 255.816 | D26: 91917
A27: Гравийно-песчаная смесь | B27: м3 | C27: 24041 | D27: =88032/1.12 -> 78600
A28: Щебень из природного камня для строительных работ | B28: м3 | C28: 1.75104 | D28: 91917
A29: Раствор готовый кладочный цементный, марка: 50 | B29: м3 | C29: 0.84 | D29: 371429
A30: Раствор готовый кладочный цементно-известковый, марка: 50 | B30: м3 | C30: 0.54444 | D30: 371429
A31: Вода | B31: м3 | C31: 1524.1839 | D31: =VLOOKUP(A31,[1]Лист1!A$1:E$65536,4,FALSE) -> 0
A32: Болты анкерные(22х150мм) | B32: шт | C32: 168 | D32: =6644/1.12 -> 5932.1429
A33: Битумы нефтяные строительные для кровельных мастик, марки БНМ-75/35 | B33: т | C33: 11.08323 | D33: =VLOOKUP(A33,[1]Лист1!A$1:E$65536,4,FALSE) -> 5000000
A34: Болты строительные с гайками и шайбами | B34: т | C34: 15.45905 | D34: =VLOOKUP(A34,[1]Лист1!A$1:E$65536,4,FALSE) -> 14464000
A35: Гвозди строительные | B35: т | C35: 1.9911864 | D35: =VLOOKUP(A35,[1]Лист1!A$1:E$65536,4,FALSE) -> 10250000
A36: Герметик профильный нетвердеющий "БУТЭПРОЛ-2" | B36: т | C36: 0.190554 | D36: =25000000/1.12 -> 22321429
A37: Лак битумный БТ-123 | B37: т | C37: 2.46294 | D37: =24640000/1.12 -> 22000000
A38: Мастика клеящая морозостойкая битумно-масляная МБ-50 | B38: т | C38: 2.46294 | D38: =VLOOKUP(A38,[1]Лист1!A$1:E$65536,4,FALSE) -> 8929000
A39: Масла антраценовые | B39: т | C39: 0.190554 | D39: =9544983/1.12 -> 8522306.2
A40: Поковки из квадратных заготовок массой 1,8 кг | B40: т | C40: 1.0203394 | D40: =9305072/1.12 -> 8308100
A41: Пленка полиэтиленовая | B41: м2 | C41: 1717.7 | D41: =VLOOKUP(A41,[1]Лист1!A$1:E$65536,4,FALSE) -> 2428
A42: Топливо дизельное | B42: т | C42: 1.4285052 | D42: =VLOOKUP(A42,[1]Лист1!A$1:E$65536,4,FALSE) -> 11687002
A43: Кислород технический газообразный | B43: м3 | C43: 2376.6984 | D43: =VLOOKUP(A43,[1]Лист1!A$1:E$65536,4,FALSE) -> 4763.3929
A44: Ацетилен газообразный технический | B44: м3 | C44: 168.11684 | D44: =VLOOKUP(A44,[1]Лист1!A$1:E$65536,4,FALSE) -> 4763.3929
A45: Портландцемент общестроительного назначения бездобавочный марки 400 | B45: т | C45: 0.05628 | D45: 562500
A46: Шлакопортландцемент общестроительного и специального назначения марки 400 | B46: т | C46: 0.51456 | D46: 562500
A47: Электроды диаметром 4 мм Э42 | B47: т | C47: 3.168876 | D47: 22321000
A48: Электроды диаметром 4 мм Э42А | B48: т | C48: 3.13437 | D48: 22321000
A49: Полотно иглопробивное для дорожного строительства "Дорнит-2" | B49: 10м2 | C49: 125.7724 | D49: 66500
A50: Лесоматериалы круглые хвойных пород для строительства диаметром 14-24 см, длиной 3-6,5 м | B50: м3 | C50: 19.54886 | D50: =VLOOKUP(A50,[1]Лист1!A$1:E$65536,4,FALSE) -> 3638392.9
A51: Бруски обрезные хвойных пород длиной 4-6,5 м, шириной 75-150 мм, толщиной 100, 125 мм, II сорта | B51: м3 | C51: 22.20492 | D51: =VLOOKUP(A51,[1]Лист1!A$1:E$65536,4,FALSE) -> 3638392.9
A52: Пиломатериалы хвойных пород доски обрезные длиной 4-6,5 м, шириной 75-150 мм, толщиной 32-40 мм II сорта | B52: м3 | C52: 26.8159 | D52: =VLOOKUP(A52,[1]Лист1!A$1:E$65536,4,FALSE) -> 3638392.9
A53: Пиломатериалы хвойных пород доски обрезные длиной 4-6,5 м, шириной 75-150 мм, толщиной 32-40 мм III сорта | B53: м3 | C53: 4.31012 | D53: =VLOOKUP(A53,[1]Лист1!A$1:E$65536,4,FALSE) -> 3638392.9
A54: Доски обрезные хвойных пород длиной 4-6,5 м, шириной 75-150 мм, толщиной 44 мм и более, III сорта | B54: м3 | C54: 108.888 | D54: =VLOOKUP(A54,[1]Лист1!A$1:E$65536,4,FALSE) -> 3638392.9
A55: Фанера бакелизированная марки ФБС, толщиной 14-18 мм | B55: м3 | C55: 40.833 | D55: =370536/(1.22*2.44*0.018) -> 6915255.8
A56: Трубы стальные сварные водогазопроводные с резьбой черные обыкновенные (неоцинкованные) диаметр условного прохода 25 мм, толщина стенки 3,2 мм | B56: м | C56: 549.8844 | D56: 17937
A57: Болты с гайками и шайбами оцинкованные, диаметр 6 мм | B57: кг | C57: 7.632 | D57: 15402
A58: Тяжи и анкеры | B58: т | C58: 3.53886 | D58: 15402000
A59: Шлифкруги | B59: шт | C59: 1.35 | D59: =VLOOKUP(A59,[1]Лист1!A$1:E$65536,4,FALSE) -> 10000
A60: Пропан-бутан, смесь техническая | B60: кг | C60: 764.334 | D60: =VLOOKUP(A60,[1]Лист1!A$1:E$65536,4,FALSE) -> 6164.9848
A61: Трубы полиэтиленовые тип и диаметр по проекту | B61: м | C61: 5784.675 | D61: 0
A62: Бетон тяжелый класса В20 /М-250/ фракции 5-10 мм | B62: м3 | C62: 1.53 | D62: 482143 | E62: =C62*D62 -> 737678.79
A63: Вода | B63: м3 | C63: 0.018 | D63: 1400 | E63: =C63*D63 -> 25.2
A64: Гвозди строительные | B64: т | C64: 0.00045 | D64: 10250000 | E64: =C64*D64 -> 4612.5
A65: Пиломатериалы хвойных пород доски обрезные длиной 4-6,5 м, шириной 75-150 мм, толщиной 25 мм II сорта | B65: м3 | C65: 0.033 | D65: 3638392.9 | E65: =C65*D65 -> 120066.96
A66: Агрегаты сварочные двухпостовые для ручной сварки на тракторе 79 кВт (108 л.с.) | B66: маш.-ч | C66: 0.04472 | D66: 200581 | E66: =C66*D66 -> 8969.9823
A67: Бульдозеры при работе на сооружении магистральных трубопроводов 96 (130) кВт (л.с.) | B67: маш.-ч | C67: 0.00352 | D67: 269843 | E67: =C67*D67 -> 949.84736
A68: Домкраты гидравлические грузоподъемностью 63 т | B68: маш.-ч | C68: 59.67 | D68: 1809.8017 | E68: =C68*D68 -> 107990.87
A69: Дрели электрические | B69: маш.-ч | C69: 0.824 | D69: 1399 | E69: =C69*D69 -> 1152.776
A70: Компрессоры передвижные с двигателем внутреннего сгорания давлением до 686 кПа (7 атм.) 5 м3/мин | B70: маш.-ч | C70: 0.22 | D70: 152202 | E70: =C70*D70 -> 33484.44
A71: Краны на автомобильном ходу при работе на монтаже технологического оборудования 10 т | B71: маш.-ч | C71: 10.374434 | D71: 239461 | E71: =C71*D71 -> 2484272.3
A72: Лебедки ручные и рычажные, тяговым усилием 14,72 (1,5) кН (т) | B72: маш.-ч | C72: 11.2144 | D72: 1403 | E72: =C72*D72 -> 15733.803
A73: Лебедки электрические, тяговым усилием 156,96 (16) кН (т) | B73: маш.-ч | C73: 59.67 | D73: 33744 | E73: =C73*D73 -> 2013504.5
... A81: Перфораторы электрические | B81: маш.-ч | C81: 152.3934 | D81: 1682 | E81: =C81*D81 -> 256325.7
B82: СУМ | C82: =SUM(C66:C72) -> 82.351074 | E82: =SUM(E66:E81) -> 23833452
A85: Винты с полукруглой головкой длиной 50 мм | B85: т | C85: 5e-05 | D85: =VLOOKUP(A85,'[2]1.Котельная №4'!$A:$E,4,FALSE) -> 18485000 | E85: =C85*D85 -> 924.25
A86: Дюбели распорные | B86: 100шт | C86: 1.0574 | D86: =VLOOKUP(A86,'[2]1.Котельная №4'!$A:$E,4,FALSE) -> 544000 | E86: =C86*D86 -> 575225.6
A87: Дюбели для пристрелки | B87: 10шт | C87: 32.756 | D87: =VLOOKUP(A87,'[2]1.Котельная №4'!$A:$E,4,FALSE) -> 5440 | E87: =C87*D87 -> 178192.64
A88: Болты строительные с гайками и шайбами | B88: кг | C88: 2.906 | D88: 15402 | E88: =C88*D88 -> 44758.212
A89: Краска | B89: кг | C89: 1.54 | D89: =VLOOKUP(A89,'[2]1.Котельная №4'!$A:$E,4,FALSE) -> 31830 | E89: =C89*D89 -> 49018.2
A90: Лак битумный БТ-123 | B90: т | C90: 0.0025004 | D90: =VLOOKUP(A90,'[2]1.Котельная №4'!$A:$E,4,FALSE) -> 5000000 | E90: =C90*D90 -> 12502
A91: Лак электроизоляционный 318 | B91: кг | C91: 0.212 | D91: =VLOOKUP(A91,'[2]1.Котельная №4'!$A:$E,4,FALSE) -> 24131.25 | E91: =C91*D91 -> 5115.825
A92: Клей марки ГИПК-14 | B92: кг | C92: 0.04 | D92: =1071.78*131.84 -> 141303.48 | E92: =C92*D92 -> 5652.139
A93: Смазка солидол жировой "Ж" | B93: т | C93: 0.001591 | D93: =VLOOKUP(A93,[3]Лист13!A:E,4,FALSE) -> 21280000 | E93: =C93*D93 -> 33856.48
A94: Проволока медная круглая электротехническая ММ (мягкая), диаметром 1,0-3,0 мм и выше | B94: т | C94: 0.00014 | D94: 18227000 | E94: =C94*D94 -> 2551.78
A95: Проволока стальная низкоуглеродистая разного назначения оцинкованная диаметром 3,0 мм | B95: т | C95: 0.037972 | D95: =VLOOKUP(A95,'[2]1.Котельная №4'!$A:$E,4,FALSE) -> 8430000 | E95: =C95*D95 -> 320103.96
A96: Резина листовая вулканизованная цветная | B96: кг | C96: 9.718 | D96: =VLOOKUP(A96,[3]Лист13!A:E,4,FALSE) -> 27000 | E96: =C96*D96 -> 262386
A97: Бензин авиационный Б-70 | B97: т | C97: 0.024 | D97: =12600000/1.12 -> 11250000 | E97: =C97*D97 -> 270000
A98: Ацетон технический сорт I | B98: т | C98: 4e-05 | D98: =15595981/1.12 -> 13924983 | E98: =C98*D98 -> 556.99932 | F98: https://www.prom.uz/ads/aceton-2/
A99: Канифоль сосновая | B99: т | C99: 2e-05 | D99: =VLOOKUP(A99,'[2]1.Котельная №4'!$A:$E,4,FALSE) -> 0 | E99: =C99*D99 -> 0
A100: Шурупы с полукруглой головкой 2,5х20 мм | B100: т | C100: 1.6e-06 | D100: =VLOOKUP(A100,'[2]1.Котельная №4'!$A:$E,4,FALSE) -> 16072000 | E100: =C100*D100 -> 25.7152
A101: Шурупы с полукруглой головкой 4х40 мм | B101: т | C101: 3e-06 | D101: =VLOOKUP(A101,'[2]1.Котельная №4'!$A:$E,4,FALSE) -> 16072000 | E101: =C101*D101 -> 48.216
A102: Электроды диаметром 4 мм Э42 | B102: т | C102: 8e-05 | D102: =VLOOKUP(A102,'[2]1.Котельная №4'!$A:$E,4,FALSE) -> 17900000 | E102: =C102*D102 -> 1432
A103: Электроды диаметром 4 мм Э42А | B103: кг | C103: 20.9012 | D103: =VLOOKUP(A103,'[2]1.Котельная №4'!$A:$E,4,FALSE) -> 17900 | E103: =C103*D103 -> 374131.48
A104: Роли свинцовые, марки С1 толщиной 1,0 мм | B104: т | C104: 0.015912 | D104: =VLOOKUP(A104,'[2]1.Котельная №4'!$A:$E,4,FALSE) -> 29645700 | E104: =C104*D104 -> 471722.38
A105: Болты сборочные с гайками и шайбами по классу прочности 5,8 | B105: т | C105: 6e-05 | D105: 15402000 | E105: =C105*D105 -> 924.12
A106: Конденсатор КТИ | B106: шт | C106: 50 | D106: =890240/1.12 -> 794857.14 | E106: =C106*D106 -> 39742857 | F106: https://flagma.uz/ru/kontaktory-kti-iek-o1766961.html
A107: Вазелин технический | B107: кг | C107: 0.152 | D107: =VLOOKUP(A107,'[2]1.Котельная №4'!$A:$E,4,FALSE) -> 0 | E107: =C107*D107 -> 0
A108: Шлифкруги | B108: шт | C108: 0.00332 | D108: =VLOOKUP(A108,'[2]1.Котельная №4'!$A:$E,4,FALSE) -> 10000 | E108: =C108*D108 -> 33.2
A109: Бирки маркировочные | B109: 100шт | C109: 0.654149 | D109: =VLOOKUP(A109,'[2]1.Котельная №4'!$A:$E,4,FALSE) -> 44600 | E109: =C109*D109 -> 29175.045
A110: Бирки-оконцеватели | B110: 100шт | C110: 1.461 | D110: =VLOOKUP(A110,'[2]1.Котельная №4'!$A:$E,4,FALSE) -> 44600 | E110: =C110*D110 -> 65160.6
A111: Втулки изолирующие | B111: шт | C111: 305.322 | D111: =VLOOKUP(A111,'[2]1.Котельная №4'!$A:$E,4,FALSE) -> 963.39286 | E111: =C111*D111 -> 294145.03
A112: Гайки установочные заземляющие | B112: 100шт | C112: 0.2646 | D112: =VLOOKUP(A112,'[2]1.Котельная №4'!$A:$E,4,FALSE) -> 237924.11 | E112: =C112*D112 -> 62954.719
A113: Кнопки монтажные | B113: 1000шт | C113: 0.2436848 | D113: =VLOOKUP(A113,'[2]1.Котельная №4'!$A:$E,4,FALSE) -> 396666.43 | E113: =C113*D113 -> 96661.579
A114: Скобы | B114: 10шт | C114: 116.804 | D114: =VLOOKUP(A114,'[2]1.Котельная №4'!$A:$E,4,FALSE) -> 1500 | E114: =C114*D114 -> 175206
A115: Дюбели распорные (марка по проекту) | B115: шт | C115: 2253.88 | D115: 544 | E115: =C115*D115 -> 1226110.7
A116: Конструкции стальные: индивидуальные решетчатые сварные массой до 0,1 т | B116: т | C116: 0.013 | D116: =9776786+3125000 -> 12901786 | E116: =C116*D116 -> 167723.22
A117: Сталь углеродистая обыкновенного качества, марка стали ВСт3пс5-1, круглая диаметром 12 мм | B117: т | C117: 0.0138 | D117: =VLOOKUP(A117,'[2]1.Котельная №4'!$A:$E,4,FALSE) -> 7651786 | E117: =C117*D117 -> 105594.65
...

Sheet Лист10
A4: НАИМЕНОВАНИЕ | B4: ЕД. ИЗМ. | C4: КОЛ-ВО | D4: ЦЕНА ЗА ЕД. | E4: СУММА (сум)
A5: 2 | B5: 3 | C5: 4 | D5: 5 | E5: 6
A7: Затраты труда рабочих-строителей | B7: чел.-ч | C7: 1522.1991 | D7: 26824.314 | E7: =C7*D7 -> 40831947
B8: СУМ | C8: =SUM(C7:C7) -> 1522.1991 | E8: =SUM(E7:E7) -> 40831947
A11: Автопогрузчики 5 т | B11: маш.-ч | C11: 0.03812 | D11: 140201 | E11: =C11*D11 -> 5344.4621
A12: Агрегаты сварочные передвижные с номинальным сварочным током 250-400 А с дизельным двигателем | B12: маш.-ч | C12: 96.1828 | D12: 54178 | E12: =C12*D12 -> 5210991.7
A13: Бульдозеры при работе на других видах строительства (кроме водохозяйственного) 59 (80) кВт (л.с.) | B13: маш.-ч | C13: 1.3376 | D13: 175643 | E13: =C13*D13 -> 234940.08
A14: Горелки газопламенные | B14: маш.-ч | C14: 1.71 | D14: 235 | E14: =C14*D14 -> 401.85
A15: Гамма-дефектоскопы с толщиной просвечиваемой стали до 80 мм | B15: маш.-ч | C15: 19.38 | D15: 20072.346 | E15: =C15*D15 -> 389002.07
A16: Домкраты гидравлические грузоподъемностью 63 т | B16: маш.-ч | C16: 9.2736 | D16: 1809.8017 | E16: =C16*D16 -> 16783.377
A17: Компрессоры передвижные с двигателем внутреннего сгорания давлением до 686 кПа (7 атм.) 5 м3/мин | B17: маш.-ч | C17: 0.2098 | D17: 152202 | E17: =C17*D17 -> 31931.98
A18: Компрессоры передвижные с двигателем внутреннего сгорания давлением до 686 кПа (7 атм.) 5 м3/мин | B18: маш.-ч | C18: 19.9308 | D18: 152202 | E18: =C18*D18 -> 3033507.6
A19: Краны на автомобильном ходу при работе на других видах строительства 10 т | B19: маш.-ч | C19: 27.893 | D19: 239461 | E19: =C19*D19 -> 6679285.7
A20: Краны на автомобильном ходу при работе на монтаже технологического оборудования 10 т | B20: маш.-ч | C20: 1.8864 | D20: 239461 | E20: =C20*D20 -> 451719.23
A21: Краны-трубоукладчики для труб диаметром (грузоподъемностью) до 400 мм (6,3 т) | B21: маш.-ч | C21: 4.74208 | D21: 205548 | E21: =C21*D21 -> 974725.06
A22: Краны-трубоукладчики для труб диаметром (грузоподъемностью) до 700 мм (12,5 т) | B22: маш.-ч | C22: 1.5039 | D22: 254345 | E22: =C22*D22 -> 382509.45
... A44: Полотенце мягкое для труб диаметром до 300 мм | B44: маш.-ч | C44: 13.893 | D44: 218.37277 | E44: =C44*D44 -> 3033.8529
B45: СУМ | C45: =SUM(C11:C44) -> 491.32565 | E45: =SUM(E11:E44) -> 30215176
A48: Кирпич глиняный обыкновенный М-75 | B48: 1000шт | C48: 0.72 | D48: =900000/1.12 -> 803571.43 | E48: =C48*D48 -> 578571.43
A49: Пленка радиографическая рулонная | B49: м | C49: 59.96 | D49: 63244.048 | E49: =C49*D49 -> 3792113.1
A50: Коробки соединительные | B50: шт | C50: 48 | D50: 13125 | E50: =C50*D50 -> 630000
A51: Глина | B51: м3 | C51: 2.88 | D51: 0 | E51: =C51*D51 -> 0
A52: Глина шамотная | B52: кг | C52: 8.4 | D52: 6500 | E52: =C52*D52 -> 54600
A53: Вода | B53: м3 | C53: 3.84 | D53: 0 | E53: =C53*D53 -> 0
A54: Битумы нефтяные строительные марки БН-90/10 | B54: т | C54: 0.252713 | D54: 5000000 | E54: =C54*D54 -> 1263565
A55: Битумы нефтяные строительные марки БН-50/50 | B55: т | C55: 0.048 | D55: 5000000 | E55: =C55*D55 -> 240000
A56: Бумага оберточная листовая | B56: 1000м2 | C56: 0.10687 | D56: 14668367 | E56: =C56*D56 -> 1567608.4
A57: Гайки шестигранные диаметр резьбы 10 мм | B57: т | C57: 7.38e-05 | D57: 17741000 | E57: =C57*D57 -> 1309.2858
A58: Ковер | B58: шт | C58: 56 | D58: 544223 | E58: =C58*D58 -> 30476488
A59: Краска | B59: кг | C59: 0.72 | D59: 31830 | E59: =C59*D59 -> 22917.6
A60: Лак битумный БТ-123 | B60: т | C60: 0.0001728 | D60: 5000000 | E60: =C60*D60 -> 864
... A64: Бензин растворитель | B64: т | C64: 0.0336 | D64: 36719000 | E64: =C64*D64 -> 1233758.4
A65: Клей фенолполивинилацетатный марки БФ-2, БФ-2Н, сорт высший | B65: т | C65: 0.001961 | D65: =50000*20/1.12 -> 892857.14 | E65: =C65*D65 -> 1750.8929
A66: Эмаль ХВ-125 серебристая | B66: т | C66: 0.001496 | D66: 27312000 | E66: =C66*D66 -> 40858.752
A67: Холст стеклянный ВВГ | B67: 10м2 | C67: 12.39 | D67: 26790 | E67: =C67*D67 -> 331928.1
A68: Мастика по проекту | B68: т | C68: 0.49846 | D68: 8929000 | E68: =C68*D68 -> 4450749.3
A69: Смазка солидол жировой "Ж" | B69: т | C69: 0.007009 | D69: =23833600/1.12 -> 21280000 | E69: =C69*D69 -> 149151.52
A70: Проволока стальная низкоуглеродистая разного назначения оцинкованная диаметром 3,0 мм | B70: т | C70: 0.0106752 | D70: 8899000 | E70: =C70*D70 -> 94998.605
A71: Проволока черная диаметром 3 мм | B71: т | C71: 0.025065 | D71: 8899000 | E71: =C71*D71 -> 223053.43
A72: Пленка оберточная ПЭКОМ, толщиной 0,6 мм | B72: м2 | C72: 30.5793 | D72: 2428 | E72: =C72*D72 -> 74246.54
A73: Лента поливилхлоридная липкая, толщиной 0,4 мм | B73: м2 | C73: 237.98 | D73: 35714.286 | E73: =C73*D73 -> 8499285.7
A74: Лента термоусаживающаяся из полиэтилена шириной 440 мм | B74: м | C74: 16.76 | D74: 1000 | E74: =C74*D74 -> 16760
A75: Резина листовая вулканизованная цветная | B75: кг | C75: 44.78 | D75: 27000 | E75: =C75*D75 -> 1209060
A76: Сталь полосовая спокойная марки Ст3сп, шириной 50-200 мм толщиной 4-5 мм | B76: т | C76: 0.00288 | D76: =9725072/1.12 -> 8683100 | E76: =C76*D76 -> 25007.328
A77: Кислород технический газообразный | B77: м3 | C77: 11.812 | D77: 4763.3929 | E77: =C77*D77 -> 56265.196
A78: Каболка | B78: т | C78: 0.0971 | D78: =16200000/1.12 -> 14464286 | E78: =C78*D78 -> 1404482.1
A79: Натрий фтористый технический, марка А, сорт I | B79: т | C79: 0.070182 | D79: 8255952.7 | E79: =C79*D79 -> 579419.27
A80: Ксилол нефтяной марки А | B80: т | C80: 9.02e-05 | D80: 29464286 | E80: =C80*D80 -> 2657.6786
A81: Электроды диаметром 4 мм Э42 | B81: т | C81: 0.04919 | D81: 17900000 | E81: =C81*D81 -> 880501
A82: Электроды диаметром 4 мм Э42А | B82: т | C82: 0.011356 | D82: 17900000 | E82: =C82*D82 -> 203272.4
A83: Электроды диаметром 6 мм Э42А | B83: т | C83: 0.00156 | D83: 17900000 | E83: =C83*D83 -> 27924
A84: Роли свинцовые, марки С1 толщиной 1,0 мм | B84: т | C84: 0.002304 | D84: =33203184/1.12 -> 29645700 | E84: =C84*D84 -> 68303.693
A85: Лесоматериалы круглые хвойных пород для строительства диаметром 14-24 см, длиной 3-6,5 м | B85: м3 | C85: 0.08575 | D85: 3638392.9 | E85: =C85*D85 -> 311992.19
A86: Бруски обрезные хвойных пород длиной 4-6,5 м, шириной 75-150 мм, толщиной 40-75 мм, II сорта | B86: м3 | C86: 2.0052 | D86: 3638392.9 | E86: =C86*D86 -> 7295705.4
A87: Пиломатериалы хвойных пород доски обрезные длиной 2-3,75 м, шириной 75-150 мм, толщиной 32-40 мм III сорта | B87: м3 | C87: 0.0053 | D87: 3638392.9 | E87: =C87*D87 -> 19283.482
A88: Краны стальные газовые шаровые равнопроходные | B88: шт | C88: 0.1 | D88: 2900000 | E88: =C88*D88 -> 290000
A89: Зажимы плашечные | B89: шт | C89: 48 | D89: 5357.1429 | E89: =C89*D89 -> 257142.86
A90: Брезент | B90: м2 | C90: 0.3336 | D90: 20909.091 | E90: =C90*D90 -> 6975.2727
A91: Материалы гидроизоляционные рулонные | B91: м2 | C91: 81.08 | D91: 3571 | E91: =C91*D91 -> 289536.68
A92: Ткань мешочная | B92: 10м2 | C92: 0.08163 | D92: 55000 | E92: =C92*D92 -> 4489.65
A93: Хомуты стальные | B93: кг | C93: 0.266 | D93: 15402 | E93: =C93*D93 -> 4096.932
A94: Шлифкруги | B94: шт | C94: 5.4794 | D94: 10000 | E94: =C94*D94 -> 54794
A95: Бетон тяжелый, класс В 12,5 (М150) | B95: м3 | C95: 0.056 | D95: 445214 | E95: =C95*D95 -> 24931.984
A96: Песок для строительных работ природный | B96: м3 | C96: 2.224 | D96: 62500 | E96: =C96*D96 -> 139000
... A111: КАБЕЛЬ АВВГ2Х6 | B111: 1000М | C111: 0.288 | D111: 4197321 | E111: =C111*D111 -> 1208828.4
A112: контрольнАЯ трубА СЗК-20-00 У1-17-2 | B112: ШТ | C112: 48 | D112: =138.05*1500 -> 207075 | E112: =C112*D112 -> 9939600
A113: ПРОТЕКТОРА ТИПА ПМ-20У СЗК-36-00 У1-5 | B113: ШТ | C113: 48 | D113: =1000000/1.12 -> 892857.14 | E113: =C113*D113 -> 42857143
A114: ШТУЦЕР | B114: ШТ | C114: 12 | D114: =56250/1.12 -> 50223.214 | E114: =C114*D114 -> 602678.57
A115: ЗАДВИЖКА 30Ч47бк4 | B115: ШТ | C115: 8 | D115: 431250 | E115: =C115*D115 -> 3450000
A116: ТРУБЫ МЕТАЛЛИЧЕСКИЕ ДИАМЕТРОМ 57ММ ТОЛЩИНОЙ СТЕНКИ 3,5 ММ | B116: М | C116: 6 | D116: 44540 | E116: =C116*D116 -> 267240
A117: СТАЛЬНОЙ ОТВОД 45 гр.76Х4 | B117: ШТ | C117: 1 | D117: 32233 | E117: =C117*D117 -> 32233
A118: СТАЛЬНОЙ ОТВОД 90 гр.57Х4 | B118: ШТ | C118: 3 | D118: 10716 | E118: =C118*D118 -> 32148
A119: ФУТЛЯР ДИАМ.159Х4,5 | B119: М | C119: 129 | D119: 156978 | E119: =C119*D119 -> 20250162
A120: ТРУБА СТАЛЬНЫХ ГАЗОПРОВОДНАЯ ДИАМЕТРОМ ДО 57Х3,5 ММ | B120: М | C120: 35 | D120: 44540 | E120: =C120*D120 -> 1558900
A121: ТРУБЫ МЕТАЛЛИЧЕСКИЕ ДИАМЕТРОМ 79ММ ТОЛЩИНОЙ СТЕНКИ 3,5 ММ | B121: М | C121: 14 | D121: 60382 | E121: =C121*D121 -> 845348
A122: СТАЛЬНОЙ ОТВОД 60 гр.76Х4 | B122: ШТ | C122: 1 | D122: 32233 | E122: =C122*D122 -> 32233
A123: СТАЛЬНОЙ ОТВОД 90 гр.159Х5 | B123: ШТ | C123: 2 | D123: 223215 | E123: =C123*D123 -> 446430
A124: СТАЛЬНОЙ ОТВОД 90 гр.76Х4 | B124: ШТ | C124: 10 | D124: 32233 | E124: =C124*D124 -> 322330
A125: ТРУБА СТАЛЬНЫХ ГАЗОПРОВОДНАЯ ДИАМЕТРОМ ДО 65Х3,5 ММ | B125: М | C125: 133 | D125: 60382 | E125: =C125*D125 -> 8030806
A126: ТРУБЫ МЕТАЛЛИЧЕСКИЕ ДИАМЕТРОМ 159ММ ТОЛЩИНОЙ СТЕНКИ 4,5 ММ | B126: М | C126: 4 | D126: 156978 | E126: =C126*D126 -> 627912
... A159: Автомобили-самосвалы грузоподъемностью до 25 т | B159: маш.-ч | C159: 36.512109 | D159: 307485 | E159: =C159*D159 -> 11226926
B160: СУМ | C160: =SUM(C128:C159) -> 190.00116 | E160: =SUM(E128:E159) -> 34615441
A163: Бетон тяжелый класса В20 /М-250/ фракции 5-10 мм | B163: м3 | C163: 75.8689 | D163: 501996 | E163: =C163*D163 -> 38085884
A164: Вода | B164: м3 | C164: 0.20846745 | D164: 0 | E164: =C164*D164 -> 0
A165: Растворы готовые кладочные тяжелые цементные М-200 | B165: м3 | C165: 3.9699976 | D165: 416964 | E165: =C165*D165 -> 1655346.1
A166: Гравийно-песчаная смесь | B166: м3 | C166: 42.5695 | D166: 25754 | E166: =C166*D166 -> 1096334.9
A167: Щебень из природного камня для строительных работ марка 400, фракция, мм: 10-20 | B167: м3 | C167: 43.75 | D167: 58036 | E167: =C167*D167 -> 2539075
A168: Раствор готовый кладочный цементный, марка: 150 | B168: м3 | C168: 1.89216 | D168: 416964 | E168: =C168*D168 -> 788962.6
A169: Вода | B169: м3 | C169: 24.284616 | D169: 0 | E169: =C169*D169 -> 0
A170: Битумы нефтяные строительные для кровельных мастик, марки БНМ-75/35 | B170: т | C170: 1.28205 | D170: 5000000 | E170: =C170*D170 -> 6410250
A171: Гвозди строительные | B171: т | C171: 0.03864352 | D171: 10250000 | E171: =C171*D171 -> 396096.08
A172: Известь строительная негашеная комовая, сорт 1 | B172: т | C172: 0.0122877 | D172: 1071428.6 | E172: =C172*D172 -> 13165.393
A173: Краски масляные и алкидные земляные, готовые к применению сурик железный МА-15, ПФ-14 | B173: т | C173: 0.0001 | D173: 31830000 | E173: =C173*D173 -> 3183
A174: Лак битумный БТ-123 | B174: т | C174: 0.23866 | D174: 5000000 | E174: =C174*D174 -> 1193300
... A205: ТРУБЫ МЕТАЛЛИЧЕСКИЕ ДИАМЕТРОМ 800 ММ ТОЛЩИНОЙ СТЕНКИ 11ММ | B205: М | C205: 23 | D205: 2787125 | E205: =C205*D205 -> 64103875
A206: СЕТКА ИЗ АРМАТУРА А-I | B206: Т | C206: 0.081 | D206: 9553571.4 | E206: =C206*D206 -> 773839.29 | F206: =D206*1.12 -> 10700000
A207: СБОРНЫЕ Ж/Б ПРЯМОУГОЛЬНЫЕ ТРУБЫ ОТВЕРСТИЕМ 2,0Х2,0М БЛОК №48 | B207: М3 | C207: 28.73 | D207: 4774126 | E207: =C207*D207 -> 1.3716064e+08
A208: Краны козловые при работе на монтаже технологического оборудования 32 т | B208: маш.-ч | C208: 0.117248 | D208: 134435 | E208: =C208*D208 -> 15762.235
A209: Краны на автомобильном ходу при работе на других видах строительства 10 т | B209: маш.-ч | C209: 0.1406976 | D209: 239461 | E209: =C209*D209 -> 33691.588
A210: Краны на гусеничном ходу при работе на других видах строительства 25 т | B210: маш.-ч | C210: 4.220928 | D210: 277531 | E210: =C210*D210 -> 1171438.4
...

Sheet 1
A1: РАСЧЕТ стоимости строительства в текущих ценах по объекту: РП "КАПИТАЛЬНОГО РЕМОНТА АВТОМОБИЛЬНОЙ ДОРОГИ 4Р135 "Г.АНДИЖАН-К.ТЕШИКТОШ-К.ОЙИМ-К.КУРГОНТЕПА-К.ЖАЛАКУДУК-АВТОДОРОГА А373" НА УЧАСТКЕ 46-51 КМ". ЗЕМЛЯНЫЕ РАБОТЫ
A2: № п.п | B2: Наименование затрат | C2: Стоимость (тыс. сум)
A3: 1 | B3: Основная заработная плата рабочих-строителей | C3: =свод!D5 -> 0
A4: 2 | B4: Затраты на эксплуатацию строительных машин и механизмов | C4: =свод!F5 -> 0
A5: 3 | B5: Затраты на строительные материалы, изделия и детали с учетом заготовительно-складских расходов и транспортных | C5: =свод!H5 -> 0
A6: 4 | B6: Затраты на оборудование с учетом заготовительно-складских расходов и транспортных | C6: =свод!#REF! -> #REF!
A7: 5 | B7: Затраты на перевозка грузов и грунта | C7: 0
A8: Итого прямых затрат: | C8: =SUM(C3:C7) -> #REF!
A9: 6 | B9: Прочие затраты производственного характера 8,48 % | C9: =(C8-C6)*0 -> #REF!
A10: 6 | B10: Прочие затраты и расходы подрядчика 28,31 % | C10: =(C8+C9-C6)*0.2831 -> #REF!
A11: 7 | B11: Затраты на страхование строительных объектов | C11: =(C8+C9+C10)*0.0032 -> #REF!
A12: 8 | B12: Коэффициент риска 5,0 % | C12: =(C8+C9+C10+C11)*0.05 -> #REF!
A13: Итого стоимость строительства в текущих ценах | C13: =SUM(C8:C12) -> #REF!
A14: Итого стоимость строительства в текущих ценах с НДС | C14: =C13*1.15 -> #REF!
B18: Составил: | C18: Ахмаджонов И.М.
B21: Проверил: | C21: Икрамов Х.Б.

Sheet 2
A1: РАСЧЕТ стоимости строительства в текущих ценах по объекту: РП "КАПИТАЛЬНОГО РЕМОНТА АВТОМОБИЛЬНОЙ ДОРОГИ 4Р135 "Г.АНДИЖАН-К.ТЕШИКТОШ-К.ОЙИМ-К.КУРГОНТЕПА-К.ЖАЛАКУДУК-АВТОДОРОГА А373" НА УЧАСТКЕ 46-51 КМ". ПОДГОТОВИТЕЛЬНЫЕ РАБОТЫ
A2: № п.п | B2: Наименование затрат | C2: Стоимость (тыс. сум)
A3: 1 | B3: Основная заработная плата рабочих-строителей | C3: =свод!#REF! -> #REF!
A4: 2 | B4: Затраты на эксплуатацию строительных машин и механизмов | C4: =свод!#REF! -> #REF!
A5: 3 | B5: Затраты на строительные материалы, изделия и детали с учетом заготовительно-складских расходов и транспортных | C5: =свод!#REF! -> #REF!
A6: 4 | B6: Затраты на оборудование с учетом заготовительно-складских расходов и транспортных | C6: =свод!#REF! -> #REF!
A7: 5 | B7: Затраты на перевозка грузов и грунта | C7: =свод!#REF! -> #REF!
A8: Итого прямых затрат: | C8: =SUM(C3:C7) -> #REF!
A9: 6 | B9: Прочие затраты производственного характера 8,48 % | C9: =(C8-C6)*0 -> #REF!
A10: 6 | B10: Прочие затраты и расходы подрядчика 28,31 % | C10: =(C8+C9-C6)*0.2831 -> #REF!
A11: 7 | B11: Затраты на страхование строительных объектов | C11: =(C8+C9+C10)*0.0032 -> #REF!
A12: 8 | B12: Коэффициент риска 5,0 % | C12: =(C8+C9+C10+C11)*0.05 -> #REF!
A13: Итого стоимость строительства в текущих ценах | C13: =SUM(C8:C12) -> #REF!
A14: Итого стоимость строительства в текущих ценах с НДС | C14: =C13*1.15 -> #REF!
B18: Составил: | C18: Ахмаджонов И.М.
B21: Проверил: | C21: Икрамов Х.Б.

Sheet 3
A1: РАСЧЕТ стоимости строительства в текущих ценах по объекту: РП "КАПИТАЛЬНОГО РЕМОНТА АВТОМОБИЛЬНОЙ ДОРОГИ 4Р135 "Г.АНДИЖАН-К.ТЕШИКТОШ-К.ОЙИМ-К.КУРГОНТЕПА-К.ЖАЛАКУДУК-АВТОДОРОГА А373" НА УЧАСТКЕ 46-51 КМ". ДОРОЖНАЯ ОДЕЖДА (ОСНОВНАЯ ДОРОГА)
A2: № п.п | B2: Наименование затрат | C2: Стоимость (тыс. сум)
A3: 1 | B3: Основная заработная плата рабочих-строителей | C3: =свод!#REF! -> #REF!
A4: 2 | B4: Затраты на эксплуатацию строительных машин и механизмов | C4: =свод!#REF! -> #REF!
A5: 3 | B5: Затраты на строительные материалы, изделия и детали с учетом заготовительно-складских расходов и транспортных | C5: =свод!#REF! -> #REF!
A6: 4 | B6: Затраты на оборудование с учетом заготовительно-складских расходов и транспортных | C6: =свод!#REF! -> #REF!
A7: 5 | B7: Затраты на перевозка грузов и грунта | C7: =свод!#REF! -> #REF!
A8: Итого прямых затрат: | C8: =SUM(C3:C7) -> #REF!
A9: 6 | B9: Прочие затраты производственного характера 8,48 % | C9: =(C8-C6)*0 -> #REF!
A10: 6 | B10: Прочие затраты и расходы подрядчика 28,31 % | C10: =(C8+C9-C6)*0.2831 -> #REF!
A11: 7 | B11: Затраты на страхование строительных объектов | C11: =(C8+C9+C10)*0.0032 -> #REF!
A12: 8 | B12: Коэффициент риска 5,0 % | C12: =(C8+C9+C10+C11)*0.05 -> #REF!
A13: Итого стоимость строительства в текущих ценах | C13: =SUM(C8:C12) -> #REF!
A14: Итого стоимость строительства в текущих ценах с НДС | C14: =C13*1.15 -> #REF!
B18: Составил: | C18: Ахмаджонов И.М.
B21: Проверил: | C21: Икрамов Х.Б.

Sheet 4
A1: РАСЧЕТ стоимости строительства в текущих ценах по объекту: РП "КАПИТАЛЬНОГО РЕМОНТА АВТОМОБИЛЬНОЙ ДОРОГИ 4Р135 "Г.АНДИЖАН-К.ТЕШИКТОШ-К.ОЙИМ-К.КУРГОНТЕПА-К.ЖАЛАКУДУК-АВТОДОРОГА А373" НА УЧАСТКЕ 46-51 КМ". ОБУСТРОЙСТВО
A2: № п.п | B2: Наименование затрат | C2: Стоимость (тыс. сум)
A3: 1 | B3: Основная заработная плата рабочих-строителей | C3: =свод!#REF! -> #REF!
A4: 2 | B4: Затраты на эксплуатацию строительных машин и механизмов | C4: =свод!#REF! -> #REF!
A5: 3 | B5: Затраты на строительные материалы, изделия и детали с учетом заготовительно-складских расходов и транспортных | C5: =свод!#REF! -> #REF!
A6: 4 | B6: Затраты на оборудование с учетом заготовительно-складских расходов и транспортных | C6: =свод!#REF! -> #REF!
A7: 5 | B7: Затраты на перевозка грузов и грунта | C7: =свод!#REF! -> #REF!
A8: Итого прямых затрат: | C8: =SUM(C3:C7) -> #REF!
A9: 6 | B9: Прочие затраты производственного характера 8,48 % | C9: =(C8-C6)*0 -> #REF!
A10: 6 | B10: Прочие затраты и расходы подрядчика 28,31 % | C10: =(C8+C9-C6)*0.2831 -> #REF!
A11: 7 | B11: Затраты на страхование строительных объектов | C11: =(C8+C9+C10)*0.0032 -> #REF!
A12: 8 | B12: Коэффициент риска 5,0 % | C12: =(C8+C9+C10+C11)*0.05 -> #REF!
A13: Итого стоимость строительства в текущих ценах | C13: =SUM(C8:C12) -> #REF!
A14: Итого стоимость строительства в текущих ценах с НДС | C14: =C13*1.15 -> #REF!
B18: Составил: | C18: Ахмаджонов И.М.
B21: Проверил: | C21: Икрамов Х.Б.

Sheet 5.
A1: РАСЧЕТ стоимости строительства в текущих ценах по объекту: РП "КАПИТАЛЬНОГО РЕМОНТА АВТОМОБИЛЬНОЙ ДОРОГИ 4Р135 "Г.АНДИЖАН-К.ТЕШИКТОШ-К.ОЙИМ-К.КУРГОНТЕПА-К.ЖАЛАКУДУК-АВТОДОРОГА А373" НА УЧАСТКЕ 46-51 КМ". УСТРОЙСТВО ТРОТУАРОВ И ВЕЛОДОРОЖЕК
A2: № п.п | B2: Наименование затрат | C2: Стоимость (тыс. сум)
A3: 1 | B3: Основная заработная плата рабочих-строителей | C3: =свод!#REF! -> #REF!
A4: 2 | B4: Затраты на эксплуатацию строительных машин и механизмов | C4: =свод!#REF! -> #REF!
A5: 3 | B5: Затраты на строительные материалы, изделия и детали с учетом заготовительно-складских расходов и транспортных | C5: =свод!#REF! -> #REF!
A6: 4 | B6: Затраты на оборудование с учетом заготовительно-складских расходов и транспортных | C6: 0
A7: 5 | B7: Затраты на перевозка грузов и грунта | C7: =свод!#REF! -> #REF!
A8: Итого прямых затрат: | C8: =SUM(C3:C7) -> #REF!
A9: 6 | B9: Прочие затраты производственного характера 8,48 % | C9: =(C8-C6)*0 -> #REF!
A10: 6 | B10: Прочие затраты и расходы подрядчика 28,31 % | C10: =(C8+C9-C6)*0.2831 -> #REF!
A11: 7 | B11: Затраты на страхование строительных объектов | C11: =(C8+C9+C10)*0.0032 -> #REF!
A12: 8 | B12: Коэффициент риска 5,0 % | C12: =(C8+C9+C10+C11)*0.05 -> #REF!
A13: Итого стоимость строительства в текущих ценах | C13: =SUM(C8:C12) -> #REF!
A14: Итого стоимость строительства в текущих ценах с НДС | C14: =C13*1.15 -> #REF!
B18: Составил: | C18: Ахмаджонов И.М.
B21: Проверил: | C21: Икрамов Х.Б.

Sheet 6
A1: РАСЧЕТ стоимости строительства в текущих ценах по объекту: РП "КАПИТАЛЬНОГО РЕМОНТА АВТОМОБИЛЬНОЙ ДОРОГИ 4Р135 "Г.АНДИЖАН-К.ТЕШИКТОШ-К.ОЙИМ-К.КУРГОНТЕПА-К.ЖАЛАКУДУК-АВТОДОРОГА А373" НА УЧАСТКЕ 46-51 КМ". ПЕРЕУСТРОЙСТВО ЛЭП 10КВ
A2: № п.п | B2: Наименование затрат | C2: Стоимость (тыс. сум)
A3: 1 | B3: Основная заработная плата рабочих-строителей | C3: =свод!#REF! -> #REF!
A4: 2 | B4: Затраты на эксплуатацию строительных машин и механизмов | C4: =свод!#REF! -> #REF!
A5: 3 | B5: Затраты на строительные материалы, изделия и детали с учетом заготовительно-складских расходов и транспортных | C5: =свод!#REF! -> #REF!
A6: 4 | B6: Затраты на оборудование с учетом заготовительно-складских расходов и транспортных | C6: =свод!#REF! -> #REF!
A7: 5 | B7: Затраты на перевозка грузов и грунта | C7: =свод!#REF! -> #REF!
A8: Итого прямых затрат: | C8: =SUM(C3:C7) -> #REF!
A9: 6 | B9: Прочие затраты производственного характера 8,48 % | C9: =(C8-C6)*0 -> #REF!
A10: 6 | B10: Прочие затраты и расходы подрядчика 28,31 % | C10: =(C8+C9-C6)*0.2831 -> #REF!
A11: 7 | B11: Затраты на страхование строительных объектов | C11: =(C8+C9+C10)*0.0032 -> #REF!
A12: 8 | B12: Коэффициент риска 5,0 % | C12: =(C8+C9+C10+C11)*0.05 -> #REF!
A13: Итого стоимость строительства в текущих ценах | C13: =SUM(C8:C12) -> #REF!
A14: Итого стоимость строительства в текущих ценах с НДС | C14: =C13*1.15 -> #REF!
B18: Составил: | C18: Ахмаджонов И.М.
B21: Проверил: | C21: Икрамов Х.Б.

Sheet Лист1
A1: РАСЧЕТ стоимости строительства в текущих ценах по объекту: "M39b "Toshkent xalka yo‘li" avtomobil yo‘lining 34-36 km qismi (Temur Malik ko‘chasi)ni rekonstruksiya qilish (1 bosqich)" ob'yektining ishchi loyihasi. ПУТЕПРОВОД НА ПК 0+945,9 ДО ПК 1+274,42 (47161-sonli yig`ma ekspert xulosasiga asosan)
A2: № п.п | B2: Наименование затрат | C2: Стоимость (тыс. сум)
A3: 1 | B3: Основная заработная плата рабочих-строителей | C3: =свод!D5 -> 0
A4: 2 | B4: Затраты на эксплуатацию строительных машин и механизмов | C4: =свод!F5 -> 0
A5: 3 | B5: Затраты на строительные материалы, изделия и детали с учетом заготовительно-складских расходов и транспортных | C5: =свод!H5 -> 0
A6: 4 | B6: Затраты на оборудование с учетом заготовительно-складских расходов и транспортных | C6: 0
A7: 5 | B7: Затраты на перевозка грузов и грунта | C7: =свод!G5 -> 0
A8: Итого прямых затрат: | C8: =SUM(C3:C7) -> 0
A9: 6 | B9: Прочие затраты производственного характера 8,48 % | C9: =свод!K7 -> 0
A10: 6 | B10: Прочие затраты и расходы подрядчика 17,27 % | C10: =(C8-C6)*0.1727 -> 0
A11: 7 | B11: Затраты на страхование строительных объектов | C11: =(C8+C10)*0.0032 -> 0
A12: 8 | B12: Коэффициент риска 5,0 % | C12: =свод!N7 -> 0
A13: Итого стоимость строительства в текущих ценах | C13: =SUM(C8:C12) -> 0
A14: Итого стоимость строительства в текущих ценах с НДС | C14: =C13*1.15 -> 0
B18: Составили: | C18: Ахмаджонов И.М.
C21: Икрамов Х.Б.

Sheet Лист2
A1: РАСЧЕТ стоимости строительства в текущих ценах по объекту: "M39b "Toshkent xalka yo‘li" avtomobil yo‘lining 34-36 km qismi (Temur Malik ko‘chasi)ni rekonstruksiya qilish (1 bosqich)" ob'yektining ishchi loyihasi. ДЕМОНТАЖНЫЕ РАБОТЫ (47161-sonli yig`ma ekspert xulosasiga asosan)
A2: № п.п | B2: Наименование затрат | C2: Стоимость (тыс. сум)
A3: 1 | B3: Основная заработная плата рабочих-строителей | C3: =свод!D6 -> 0
A4: 2 | B4: Затраты на эксплуатацию строительных машин и механизмов | C4: =свод!F6 -> 0
A5: 3 | B5: Затраты на строительные материалы, изделия и детали с учетом заготовительно-складских расходов и транспортных | C5: =свод!H6 -> 0
A6: 4 | B6: Затраты на оборудование с учетом заготовительно-складских расходов и транспортных | C6: 0
A7: 5 | B7: Затраты на перевозка грузов и грунта | C7: 0
A8: Итого прямых затрат: | C8: =SUM(C3:C7) -> 0
A9: 6 | B9: Прочие затраты производственного характера 8,48 % | C9: =свод!K7 -> 0
A10: 6 | B10: Прочие затраты и расходы подрядчика 17,27 % | C10: =(C8-C6)*0.1727 -> 0
A11: 7 | B11: Затраты на страхование строительных объектов | C11: =(C8+C10)*0.0032 -> 0
A12: 8 | B12: Коэффициент риска 5,0 % | C12: =свод!N7 -> 0
A13: Итого стоимость строительства в текущих ценах | C13: =SUM(C8:C12) -> 0
A14: Итого стоимость строительства в текущих ценах с НДС | C14: =C13*1.15 -> 0
B18: Составили: | C18: Ахмаджонов И.М.
C21: Икрамов Х.Б.

Sheet Лист3
A1: РАСЧЕТ стоимости строительства в текущих ценах по объекту: "M39b "Toshkent xalka yo‘li" avtomobil yo‘lining 34-36 km qismi (Temur Malik ko‘chasi)ni rekonstruksiya qilish (1 bosqich)" ob'yektining ishchi loyihasi. ПОДЗЕМНЫЙ ПЕШЕХОДНЫЙ ПЕРЕХОД НА ПК 3+53 (47161-sonli yig`ma ekspert xulosasiga asosan)
A2: № п.п | B2: Наименование затрат | C2: Стоимость (тыс. сум)
A3: 1 | B3: Основная заработная плата рабочих-строителей | C3: =свод!#REF! -> #REF!
A4: 2 | B4: Затраты на эксплуатацию строительных машин и механизмов | C4: =свод!#REF! -> #REF!
A5: 3 | B5: Затраты на строительные материалы, изделия и детали с учетом заготовительно-складских расходов и транспортных | C5: =свод!#REF! -> #REF!
A6: 4 | B6: Затраты на оборудование с учетом заготовительно-складских расходов и транспортных | C6: 0
A7: 5 | B7: Затраты на перевозка грузов и грунта | C7: =свод!#REF! -> #REF!
A8: Итого прямых затрат: | C8: =SUM(C3:C7) -> #REF!
A9: 6 | B9: Прочие затраты производственного характера 8,48 % | C9: =свод!K7 -> 0
A10: 6 | B10: Прочие затраты и расходы подрядчика 17,27 % | C10: =(C8-C6)*0.1727 -> #REF!
A11: 7 | B11: Затраты на страхование строительных объектов | C11: =(C8+C10)*0.0032 -> #REF!
A12: 8 | B12: Коэффициент риска 5,0 % | C12: =свод!N7 -> 0
A13: Итого стоимость строительства в текущих ценах | C13: =SUM(C8:C12) -> #REF!
A14: Итого стоимость строительства в текущих ценах с НДС | C14: =C13*1.15 -> #REF!
B18: Составили: | C18: Ахмаджонов И.М.
C21: Икрамов Х.Б.

Sheet Лист4
A1: РАСЧЕТ стоимости строительства в текущих ценах по объекту: "M39b "Toshkent xalka yo‘li" avtomobil yo‘lining 34-36 km qismi (Temur Malik ko‘chasi)ni rekonstruksiya qilish (1 bosqich)" ob'yektining ishchi loyihasi. ЭЛЕКТРОСНАБЖЕНИЕ ПОДЗЕМНОГО ПЕШЕХОДНОГО ПЕРЕХОДА И АСКУЭ НА ПК 3+53 (47161-sonli yig`ma ekspert xulosasiga asosan)
A2: № п.п | B2: Наименование затрат | C2: Стоимость (тыс. сум)
A3: 1 | B3: Основная заработная плата рабочих-строителей | C3: =свод!#REF! -> #REF!
A4: 2 | B4: Затраты на эксплуатацию строительных машин и механизмов | C4: =свод!#REF! -> #REF!
A5: 3 | B5: Затраты на строительные материалы, изделия и детали с учетом заготовительно-складских расходов и транспортных | C5: =свод!#REF! -> #REF!
A6: 4 | B6: Затраты на оборудование с учетом заготовительно-складских расходов и транспортных | C6: =свод!#REF! -> #REF!
A7: 5 | B7: Затраты на перевозка грузов и грунта | C7: 0
A8: Итого прямых затрат: | C8: =SUM(C3:C7) -> #REF!
A9: 6 | B9: Прочие затраты производственного характера 8,48 % | C9: =свод!K7 -> 0
A10: 6 | B10: Прочие затраты и расходы подрядчика 17,27 % | C10: =(C8-C6)*0.1727 -> #REF!
A11: 7 | B11: Затраты на страхование строительных объектов | C11: =(C8+C10)*0.0032 -> #REF!
A12: 8 | B12: Коэффициент риска 5,0 % | C12: =свод!N7 -> 0
A13: Итого стоимость строительства в текущих ценах | C13: =SUM(C8:C12) -> #REF!
A14: Итого стоимость строительства в текущих ценах с НДС | C14: =C13*1.15 -> #REF!
B18: Составили: | C18: Ахмаджонов И.М.
C21: Икрамов Х.Б.

Sheet Лист5
A1: РАСЧЕТ стоимости строительства в текущих ценах по объекту: "M39b "Toshkent xalka yo‘li" avtomobil yo‘lining 34-36 km qismi (Temur Malik ko‘chasi)ni rekonstruksiya qilish (1 bosqich)" ob'yektining ishchi loyihasi. ДРЕНАЖ ПОДЗЕМНОГО ПЕШЕХОДНОГО ПЕРЕХОДА НА ПК 3+53 (47161-sonli yig`ma ekspert xulosasiga asosan)
A2: № п.п | B2: Наименование затрат | C2: Стоимость (тыс. сум)
A3: 1 | B3: Основная заработная плата рабочих-строителей | C3: =свод!#REF! -> #REF!
A4: 2 | B4: Затраты на эксплуатацию строительных машин и механизмов | C4: =свод!#REF! -> #REF!
A5: 3 | B5: Затраты на строительные материалы, изделия и детали с учетом заготовительно-складских расходов и транспортных | C5: =свод!#REF! -> #REF!
A6: 4 | B6: Затраты на оборудование с учетом заготовительно-складских расходов и транспортных | C6: =свод!#REF! -> #REF!
A7: 5 | B7: Затраты на перевозка грузов и грунта | C7: 0
A8: Итого прямых затрат: | C8: =SUM(C3:C7) -> #REF!
A9: 6 | B9: Прочие затраты производственного характера 8,48 % | C9: =свод!K7 -> 0
A10: 6 | B10: Прочие затраты и расходы подрядчика 17,27 % | C10: =(C8-C6)*0.1727 -> #REF!
A11: 7 | B11: Затраты на страхование строительных объектов | C11: =(C8+C10)*0.0032 -> #REF!
A12: 8 | B12: Коэффициент риска 5,0 % | C12: =свод!N7 -> 0
A13: Итого стоимость строительства в текущих ценах | C13: =SUM(C8:C12) -> #REF!
A14: Итого стоимость строительства в текущих ценах с НДС | C14: =C13*1.15 -> #REF!
B18: Составили: | C18: Ахмаджонов И.М.
C21: Икрамов Х.Б.

Sheet Лист6
A1: РАСЧЕТ стоимости строительства в текущих ценах по объекту: "M39b "Toshkent xalka yo‘li" avtomobil yo‘lining 34-36 km qismi (Temur Malik ko‘chasi)ni rekonstruksiya qilish (1 bosqich)" ob'yektining ishchi loyihasi. ПОДЗЕМНЫЙ ПЕШЕХОДНЫЙ ПЕРЕХОД НА ПК 8+60 (47161-sonli yig`ma ekspert xulosasiga asosan)
A2: № п.п | B2: Наименование затрат | C2: Стоимость (тыс. сум)
A3: 1 | B3: Основная заработная плата рабочих-строителей | C3: =свод!#REF! -> #REF!
A4: 2 | B4: Затраты на эксплуатацию строительных машин и механизмов | C4: =свод!#REF! -> #REF!
A5: 3 | B5: Затраты на строительные материалы, изделия и детали с учетом заготовительно-складских расходов и транспортных | C5: =свод!#REF! -> #REF!
A6: 4 | B6: Затраты на оборудование с учетом заготовительно-складских расходов и транспортных | C6: 0
A7: 5 | B7: Затраты на перевозка грузов и грунта | C7: =свод!#REF! -> #REF!
A8: Итого прямых затрат: | C8: =SUM(C3:C7) -> #REF!
A9: 6 | B9: Прочие затраты производственного характера 8,48 % | C9: =свод!K7 -> 0
A10: 6 | B10: Прочие затраты и расходы подрядчика 17,27 % | C10: =(C8-C6)*0.1727 -> #REF!
A11: 7 | B11: Затраты на страхование строительных объектов | C11: =(C8+C10)*0.0032 -> #REF!
A12: 8 | B12: Коэффициент риска 5,0 % | C12: =свод!N7 -> 0
A13: Итого стоимость строительства в текущих ценах | C13: =SUM(C8:C12) -> #REF!
A14: Итого стоимость строительства в текущих ценах с НДС | C14: =C13*1.15 -> #REF!
B18: Составили: | C18: Ахмаджонов И.М.
C21: Икрамов Х.Б.

Sheet Лист7
A1: РАСЧЕТ стоимости строительства в текущих ценах по объекту: "M39b "Toshkent xalka yo‘li" avtomobil yo‘lining 34-36 km qismi (Temur Malik ko‘chasi)ni rekonstruksiya qilish (1 bosqich)" ob'yektining ishchi loyihasi. ЭЛЕКТРОСНАБЖЕНИЕ ПОДЗЕМНОГО ПЕШЕХОДНОГО ПЕРЕХОДА И АСКУЭ НА ПК 8+60 (47161-sonli yig`ma ekspert xulosasiga asosan)
A2: № п.п | B2: Наименование затрат | C2: Стоимость (тыс. сум)
A3: 1 | B3: Основная заработная плата рабочих-строителей | C3: =свод!#REF! -> #REF!
A4: 2 | B4: Затраты на эксплуатацию строительных машин и механизмов | C4: =свод!#REF! -> #REF!
A5: 3 | B5: Затраты на строительные материалы, изделия и детали с учетом заготовительно-складских расходов и транспортных | C5: =свод!#REF! -> #REF!
A6: 4 | B6: Затраты на оборудование с учетом заготовительно-складских расходов и транспортных | C6: =свод!#REF! -> #REF!
A7: 5 | B7: Затраты на перевозка грузов и грунта | C7: 0
A8: Итого прямых затрат: | C8: =SUM(C3:C7) -> #REF!
A9: 6 | B9: Прочие затраты производственного характера 8,48 % | C9: =свод!K7 -> 0
A10: 6 | B10: Прочие затраты и расходы подрядчика 17,27 % | C10: =(C8-C6)*0.1727 -> #REF!
A11: 7 | B11: Затраты на страхование строительных объектов | C11: =(C8+C10)*0.0032 -> #REF!
A12: 8 | B12: Коэффициент риска 5,0 % | C12: =свод!N7 -> 0
A13: Итого стоимость строительства в текущих ценах | C13: =SUM(C8:C12) -> #REF!
A14: Итого стоимость строительства в текущих ценах с НДС | C14: =C13*1.15 -> #REF!
B18: Составили: | C18: Ахмаджонов И.М.
C21: Икрамов Х.Б.

Sheet Лист8
A1: РАСЧЕТ стоимости строительства в текущих ценах по объекту: "M39b "Toshkent xalka yo‘li" avtomobil yo‘lining 34-36 km qismi (Temur Malik ko‘chasi)ni rekonstruksiya qilish (1 bosqich)" ob'yektining ishchi loyihasi. ДРЕНАЖ ПОДЗЕМНОГО ПЕШЕХОДНОГО ПЕРЕХОДА НА ПК 8+60 (47161-sonli yig`ma ekspert xulosasiga asosan)
A2: № п.п | B2: Наименование затрат | C2: Стоимость (тыс. сум)
A3: 1 | B3: Основная заработная плата рабочих-строителей | C3: =свод!#REF! -> #REF!
A4: 2 | B4: Затраты на эксплуатацию строительных машин и механизмов | C4: =свод!#REF! -> #REF!
A5: 3 | B5: Затраты на строительные материалы, изделия и детали с учетом заготовительно-складских расходов и транспортных | C5: =свод!#REF! -> #REF!
A6: 4 | B6: Затраты на оборудование с учетом заготовительно-складских расходов и транспортных | C6: =свод!#REF! -> #REF!
A7: 5 | B7: Затраты на перевозка грузов и грунта | C7: 0
A8: Итого прямых затрат: | C8: =SUM(C3:C7) -> #REF!
A9: 6 | B9: Прочие затраты производственного характера 8,48 % | C9: =свод!K7 -> 0
A10: 6 | B10: Прочие затраты и расходы подрядчика 17,27 % | C10: =(C8-C6)*0.1727 -> #REF!
A11: 7 | B11: Затраты на страхование строительных объектов | C11: =(C8+C10)*0.0032 -> #REF!
A12: 8 | B12: Коэффициент риска 5,0 % | C12: =свод!N7 -> 0
A13: Итого стоимость строительства в текущих ценах | C13: =SUM(C8:C12) -> #REF!
A14: Итого стоимость строительства в текущих ценах с НДС | C14: =C13*1.15 -> #REF!
B18: Составили: | C18: Ахмаджонов И.М.
C21: Икрамов Х.Б.
